 Dungeon Crawl Stone Soup version 0.30.1-11-g7821555f0a (webtiles) character file.

Game seed: 4981048711394458512

12 booth the Trooper (level 2, -2/24 HPs)
             Began as a Demonspawn Monk on Nov 3, 2023.
             Slain by a gnoll
             ... wielding a +2 flail of protection
              (11 damage)
             ... on level 1 of the Dungeon.
             The game lasted 00:02:13 (323 turns).

booth the Trooper (Demonspawn Monk)                  Turns: 323, Time: 00:02:13

Health: -2/24      AC:  2    Str: 11    XL:     2   Next: 20%
Magic:  2/2        EV: 13    Int: 11    God:
Gold:   31         SH:  0    Dex: 15    Spells: 1/1 levels left

rFire   . . .        a - +0 hand axe
rCold   . . .        d - orb {light}
rNeg    . . .        b - +0 robe
rPois   .            (no helmet)
rElec   .            (no cloak)
rCorr   .            (no gloves)
SInv    .            (no boots)
Will    .....        (no amulet)
Stlth   +            (no ring)
HPRegen 0.24/turn    (no ring)
MPRegen 0.08/turn

%: no passive effects
@: glowing
A: weakness stinger 1
a: no special abilities


You were on level 1 of the Dungeon.
You visited 1 branch of the dungeon, and saw 1 of its levels.

You collected 31 gold pieces.

Inventory:

Hand Weapons
 a - a +0 hand axe (weapon)
Armour
 b - a +0 robe (worn)
 d - an orb of light (worn)
Scrolls
 h - a scroll of immolation {unknown}
Potions
 e - a potion of heal wounds {unknown}
 f - a potion of might {unknown}
 g - a potion of curing {unknown}


   Skills:
 + Level 3.2 Fighting
 * Level 2.9 Axes
 + Level 2.9 Dodging


You had one spell level left.
You didn't know any spells.
Your spell library was empty.

Dungeon Overview and Level Annotations

Branches:
Dungeon (1/15)

Altars:


Innate Abilities, Weirdness & Mutations

You have a small tail.


Message History

You hit the endoplasm but do no damage. You tail-slap the endoplasm.
You kill the endoplasm!
You see here a frilled lizard corpse.
You see here a bat corpse.
A gnoll comes into view.
It is wielding a +2 flail of protection.
The gnoll shouts!
You hit the gnoll.
The gnoll is lightly wounded.
The gnoll hits you with a +2 flail of protection.
You hit the gnoll.
You tail-slap the gnoll, but do no damage.
The gnoll is moderately wounded.
The gnoll hits you with a +2 flail of protection!
You are confused.
You feel invigorated. The gnoll misses you.
You're too confused to move!
The gnoll hits you with a +2 flail of protection!
Ouch! That really hurt!
* * * LOW HITPOINT WARNING * * *
You bump into the rock wall.
The gnoll barely misses you. The gnoll attacks as you move away!
The gnoll hits you with a +2 flail of protection.
* * * LOW HITPOINT WARNING * * *
You hit the gnoll but do no damage.
Your tail-slap misses the gnoll.
The gnoll is lightly wounded.
The gnoll hits you with a +2 flail of protection!
Ouch! That really hurt!
* * * LOW HITPOINT WARNING * * *
You feel less invigorated.
You feel less confused.
You hit the gnoll.
The gnoll is heavily wounded.
The gnoll closely misses you. x2
You hit the gnoll.
The gnoll is almost dead.
The gnoll barely misses you.
You hit the gnoll but do no damage.
The gnoll is almost dead.
The gnoll hits you with a +2 flail of protection!
You die...

#.##.#.......# #..
#.##.#..†....# #.. ..#
#............# #.. ..#
####.##.##.### ##. ..#
#.......# #. #.#
###...### ###. #.# #...#
#... #.# #####...#####
#.#.
#.####g@.......(.####.#.
#...............).....##
#.####...........#......
#.# #####...#####.#....
#....# #...# #.#....
#.##.# #...# #.#.... .g
..# #...# #...... ## ###
##.## #...... #.##.##


You could see a gnoll.

Vanquished Creatures
  2 endoplasms (D:1)
  2 giant cockroaches (D:1)
  2 bats (D:1)
  A frilled lizard (D:1)
  3 kobolds (D:1)
  A rat (D:1)
11 creatures vanquished.

Notes
Turn   | Place    | Note
-------+----------+-------------------------------------------
     0 | D:1      | booth the Demonspawn Monk began the quest for the Orb.
     0 | D:1      | Reached XP level 1. HP: 18/18 MP: 1/1
   160 | D:1      | Gained mutation: You have a small tail. [demonic ancestry]
   160 | D:1      | Reached XP level 2. HP: 24/24 MP: 2/2
   323 | D:1      | Slain by a gnoll

Illustrated notes

Levels and vault maps discovered:
D:1:      doesnt_arrival_eight_statues, layout_loops_cross

Action                     || total
---------------------------++-------
  Melee: Hand axe          ||    28
         Tailslap          ||     2
    Use: Potion            ||     1
 Armour: Robe              ||     3
  Dodge: Dodged            ||    19
